 Dungeon Sprint DCSS version 0.19-a0-1553-g64c24c3 (webtiles) character file.

253756 Kidiri the Ninja (level 17, -1/85 HPs)
             Began as a Spriggan Enchanter on Sept 14, 2016.
             Was the Champion of Dithmenos.
             Slain by an Executioner (4 damage)
             ... in the Dungeon (Sprint III: "The Ten Rune Challenge").
             The game lasted 01:26:25 (17914 turns).

Kidiri the Ninja (Spriggan Enchanter)              Turns: 17914, Time: 01:26:26

Health: -1/85      AC: 14    Str:  7 (8)  XL:     17   Next: 34%
Magic:  2/37       EV: 44    Int: 32 (34) God:    Dithmenos [******]
Gold:   92         SH:  9    Dex: 18 (21) Spells: 16 memorised, 3 levels left

rFire  . . .     SeeInvis +     b - +7 Spriggan's Knife {MR+ EV+4 Dex+4 Stlth+}
rCold  + . .     Gourm    .     Q - +2 robe {rPois}
rNeg   + . .     Faith    .     p - +1 buckler {rN+}
rPois  +         Spirit   .     w - +2 hat
rElec  +         Dismiss  +     J - +2 cloak {MR+}
rCorr  .         Reflect  .     (gloves unavailable)
MR     +++++     Harm     .     (boots unavailable)
Stlth  ++++++++++ NoTele   +    S - amulet "Yculoq" {Dismiss rElec Str+4}
                                y - +5 ring of intelligence
                                u - +6 ring of intelligence

@: wreathed by umbra, very quick
A: unfitting armour, molten scales 1, thin metallic scales 1, see invisible,
cold resistance 1, deterioration 1, herbivore 3, speed 3, frail 1, low mp 2,
magic resistance 1, slow metabolism 2
a: Shadow Step, Shadow Form, Renounce Religion
}: 5/10 runes: decaying, barnacled, slimy, silver, golden


You were in the Dungeon.
You worshipped Dithmenos.
Dithmenos was exalted by your worship.
You were full.

You visited 1 branch You collected 3528 gold pieces.
You spent 3436 gold pieces at shops.

Inventory:

Hand Weapons
 b - the +7 Spriggan's Knife (weapon) {MR+ EV+4 Dex+4 Stlth+}
   (You found it in the Dungeon)

   It affects your evasion (+4).
   It affects your dexterity (+4).
   It affects your resistance to hostile enchantments.
   It makes you more stealthy.
Missiles
 a - 13 throwing nets (quivered)
Armour
 p - a +1 buckler of positive energy (worn)
 w - a +2 hat (worn)
 J - a +2 cloak of magic resistance (worn)
 Q - a +2 robe of poison resistance (worn)
Jewellery
 n - an uncursed ring of protection from magic
 u - a +6 ring of intelligence (left hand)
 x - a +6 amulet of reflection
 y - a +5 ring of intelligence (right hand)
 D - an uncursed ring of flight
 F - an uncursed ring of protection from fire
 H - the ring of Tuforuq {rC++ AC+4 Str+3 Dex-5 Slay-5}
   (You took it off a vault guard in the Dungeon)

   [ring of protection]

   It affects your AC (+4).
   It affects your strength (+3).
   It affects your dexterity (-5).
   It affects your accuracy and damage with ranged weapons and melee attacks
   (-5).
   It greatly protects you from cold.
 S - the amulet "Yculoq" (around neck) {Dismiss rElec Str+4}
   (You found it in the Dungeon)

   [amulet of dismissal]

   It may teleport away creatures that harm you.
   It affects your strength (+4).
   It insulates you from electricity.
Wands
 z - a wand of acid (7/15)
 B - a wand of iceblast (11/15)
 C - a wand of acid (8/15)
 E - a wand of digging (7/24)
 G - a wand of iceblast (10/15)
 K - a wand of lightning (0/15)
 L - a wand of disintegration (10/24)
 T - a wand of acid (8/15)
 Y - a wand of hasting (4/9)
Scrolls
 j - a scroll of blinking
 m - a scroll of holy word
 o - 2 scrolls of fear
 r - a scroll of silence
 M - 3 scrolls of torment
 N - 5 scrolls of amnesia
 P - a scroll of remove curse
Potions
 e - 10 potions of curing
 g - a potion of haste
 i - 2 potions of berserk rage
 q - 6 potions of flight
 s - a potion of cure mutation
 t - 2 potions of might
 v - 2 potions of lignification
Books
 c - a book of Misfortune

   Spells                             Type                      Level
   a - Confusing Touch                Hexes                        1
   b - Confuse                        Hexes                        3
   c - Gell's Gravitas                Hexes/Translocation          3
   d - Petrify                        Transmutation/Earth          4
   e - Metabolic Englaciation         Hexes/Ice                    5
   f - Yara's Violent Unravelling     Hexes/Transmutation          5
Miscellaneous
 O - a fan of gales (inert)
Comestibles
 l - 24 royal jellies


   Skills:
 + Level 13.2 Fighting
 * Level 22.3 Short Blades
 + Level 12.4 Armour
 O Level 27 Dodging
 O Level 27 Stealth
 * Level 8.3 Shields
 * Level 24.0 Spellcasting
 + Level 12.1 Conjurations
 + Level 18.2 Hexes
 - Level 9.2 Ice Magic
 + Level 8.5 Air Magic
 * Level 15.0 Earth Magic
 - Level 3.1 Invocations
 + Level 9.7 Evocations


You had 3 spell levels left.
You knew the following spells:

 Your Spells              Type           Power        Failure   Level  Hunger
a - Corona                Hex            #######      0%          1    None
b - Ensorcelled Hibernat  Hex/Ice        ######       0%          2    None
c - Confuse               Hex            ########     0%          3    None
d - Tukima's Dance        Hex            ########     0%          3    None
e - Dazzling Spray        Conj/Hex       ######       0%          3    None
f - Stone Arrow           Conj/Erth      ######       0%          3    None
g - Passwall              Tmut/Erth      ######....   1%          2    None
h - Lee's Rapid Deconstr  Erth           #######...   1%          5    None
i - Iron Shot             Conj/Erth      #######...   1%          6    None
j - Shatter               Erth           #######...   91%         9    #####..
k - Repel Missiles        Chrm/Air       ######       1%          2    None
l - Lightning Bolt        Conj/Air       #######...   1%          5    None
m - Apportation           Tloc           #####.....   1%          1    None
n - Passage of Golubria   Tloc           N/A          10%         4    None
o - Poisonous Cloud       Conj/Pois/Air  ######....   10%         6    None
p - Freezing Cloud        Conj/Ice/Air   #######...   1%          6    None


Dungeon Overview and Level Annotations

Branches:
Dungeon (1/1)

Altars:
Cheibriados
Dithmenos
Elyvilon
Fedhas
Gozag
Hepliaklqana
Kikubaaqudgha
Makhleb
Nemelex Xobeh
Okawaru
Qazlal
Ru
Sif Muna
Trog
Uskayaw
Vehumet
Xom
Yredelemnul
Zin
The Shining One
Beogh
Jiyva
Lugonu

Shops:
D ?}[((?}%!!%%:[(!?}=(!}%}


Innate Abilities, Weirdness & Mutations

You are tiny and cannot use many weapons and most armour.
You have supernaturally acute eyesight. (SInv)
You are a herbivore.
You cover ground extremely quickly.
You need consume almost no food.
You are partially covered in molten scales. (AC +2)
You are partially covered in thin metallic scales. (AC +2)
Your flesh is cold resistant. (rC+)
Your body sometimes deteriorates upon taking damage.
You are frail. (-10% HP)
Your magical capacity is very low. (-20% MP)
You are resistant to hostile enchantments. (MR+)


Message History

You block the Executioner's attack. The Executioner completely misses you.
The Executioner hits you but does no damage.
Unknown command.
You hit the Executioner.
The Executioner is almost dead.
Your shadow hits the Executioner but does no damage.
The Executioner completely misses you.
The Executioner hits you but does no damage.
The Executioner completely misses you.
You barely miss the Executioner.
The Executioner is almost dead.
Your shadow hits the Executioner but does no damage.
The Executioner gestures at you. You resist with almost no effort.
The Executioner misses you.
The Executioner hits you but does no damage.
You block the Executioner's attack.
You completely miss the Executioner.
The Executioner is almost dead.
The Executioner hits you.
You die...

.P♣
▓≈≈≈≈≈≈≈≈≈≈≈≈▓#########.#....
§≈♣
▓≈≈≈......≈≈≈▓#.#.#.#.#......
§∩♣
▓≈≈..∩∩.∩..≈≈▓#..............
♣♣♣
▓▓▓▓▓▓▓▓▓▓▓▓▓▓#..............
#################.###########
#)≈....≈)#..[###...##.#≈§§§≈≈
#≈......≈#...##.....##+#:§§P≈
#........#§###§......###...P≈
#...)...(.§1@................
#........#§###.......#####..≈
#≈......≈#≈≈≈##.....##...##.≈
#)≈....≈)#+#+###...###.#..##+
####++####.#.# ##.####.##.##.
#%.+.....#'#####.≈≈≈'#.##.###
########.#.%'∩∩#.≈≈.#..##....
##.####∩∩#.≈≈.#######+#
###...###..#..≈.#..'≈⌠...


You could see an Executioner.

Vanquished Creatures
  Mennas (D)
  Mara (D)
  2 greater mummies (D)
  Boris (D)
  Frederick (D)
  the Lernaean hydra (D)
  Sigmund (D)
  2 golden dragons (D)
  Nikola (D)
  Rupert (D)
  A lich (D)
  A titan (D)
  A deep elf master archer (D)
  9 acid blobs (D)
  An ancient champion (D)
  A kraken (D)
  2 sphinxes (D)
  Gastronok (D)
  4 shadow dragons (D)
  Chuck (D)
  A storm dragon (D)
  Roxanne (D)
  16 azure jellies (D)
  3 frost giants (D)
  2 vampire knights (D)
  2 dire elephants (D)
  2 deep elf annihilators (D)
  Azrael (D)
  A deep elf death mage (D)
  10 death oozes (D)
  A fire dragon (D)
  13 mummy priests (D)
  A deep elf high priest (D)
  2 yaktaur captains (D)
  Josephine (D)
  16 vault guards (D)
  A hydra (shapeshifter) (D)
  2 hydras (D)
  3 centaur warriors (D)
  2 alligator snapping turtles (D)
  4 death yaks (D)
  An ogre mage (D)
  Urug (D)
  4 dancing weapons (D)
  A deep elf knight (D)
  An anaconda zombie (D)
  A shadow wraith (D)
  9 skeletal warriors (D)
  A golden dragon zombie (D)
  A spriggan druid (D)
  2 spectral iron dragons (D)
  An unseen horror (D)
  A death drake (D)
  2 obsidian statues (D)
  A hill giant (shapeshifter) (D)
  2 swamp dragons (D)
  A lindwurm (D)
  2 orc knights (D)
  2 hornets (D)
  4 ugly things (D)
  An orc sorcerer (D)
  4 crystal guardians (D)
  7 deep elf magi (D)
  2 oklob plants (D)
  4 shining eyes (D)
  2 stone giant skeletons (D)
  2 elephants (D)
  2 black mambas (D)
  8 statues (D)
  Edmund (D)
  A molten gargoyle (D)
  2 spiny frogs (D)
  A komodo dragon (D)
  A rime drake (D)
  2 yaktaurs (D)
  19 guardian mummies (D)
  A merfolk (shapeshifter) (D)
  2 giant leeches (D)
  3 wandering mushrooms (D)
  4 spriggan defenders (D)
  A queen bee (D)
  11 slime creatures (D)
  A slime creature (shapeshifter) (D)
  8 blink frogs (D)
  2 orc high priests (D)
  3 snapping turtles (D)
  3 redbacks (D)
  2 spriggans (D)
  A shadow (D)
  2 iron troll simulacra (D)
  2 hydra simulacra (D)
  3 giant eyeballs (D)
  3 swamp drakes (D)
  A wasp (D)
  3 orc warriors (D)
  A necrophage (D)
  2 centaurs (D)
  An earth elemental (D)
  A water elemental (D)
  32 killer bees (D)
  3 electric eels (D)
  A jelly (D)
  3 orc priests (D)
  Crazy Yiuf (D)
  2 orc wizards (D)
  A wizard (D)
  Jessica (D)
  A necromancer (D)
  A polar bear simulacrum (D)
  A kobold demonologist (D)
  A wolf simulacrum (D)
  3 humans (D)
  2 oozes (D)
  8 orcs (D)
  A rat (D)
  6 ballistomycetes (D)
  8 butterflies (D)
  2 giant spores (D)
  3 plants (D)
358 creatures vanquished.

Vanquished Creatures (collateral kills)
  An orc priest (D)
1 creature vanquished.

Vanquished Creatures (others)
  the Royal Jelly (D)
  6 deep elf blademasters (D)
  17 acid blobs (D)
  2 draconian scorchers (D)
  11 azure jellies (D)
  Nessos (D)
  10 death oozes (D)
  A hydra (D)
  A giant orange brain (D)
  6 hellions (D)
  4 yaktaurs (D)
  3 dancing weapons (D)
  A snapping turtle (D)
  3 ball lightnings (D)
  A bush (D)
  A butterfly (D)
  2 fungi (D)
  4 giant spores (D)
  39 plants (D)
  12 tentacles (D)
126 creatures vanquished.

Grand Total: 485 creatures vanquished

Notes
Turn   | Place    | Note
-------+----------+-------------------------------------------
     0 | D        | Kidiri the Spriggan Enchanter began the quest for the Orb.
     0 | D        | Reached XP level 1. HP: 9/9 MP: 5/5
     7 | D        | Reached skill level 5 in Stealth
     7 | D        | Reached XP level 2. HP: 14/14 MP: 7/7
    11 | D        | Learned a level 2 spell: Ensorcelled Hibernation
    16 | D        | Noticed Jessica
    18 | D        | Killed Jessica
    18 | D        | Reached skill level 1 in Fighting
    18 | D        | Reached skill level 1 in Armour
    18 | D        | Reached XP level 3. HP: 18/18 MP: 7/9
    20 | D        | Reached skill level 1 in Ice Magic
    43 | D        | Learned a level 3 spell: Confuse
    47 | D        | Learned a level 3 spell: Tukima's Dance
   122 | D        | Noticed Crazy Yiuf
   131 | D        | Killed a hellion
   132 | D        | Killed Crazy Yiuf
   132 | D        | Reached skill level 5 in Dodging
   132 | D        | Reached XP level 4. HP: 12/22 MP: 7/11
   134 | D        | Killed a hellion
   158 | D        | Killed a hellion
   158 | D        | Killed a hellion
   159 | D        | Killed a hellion
   172 | D        | Killed a white draconian scorcher
   245 | D        | Killed a hellion
   247 | D        | Learned a level 3 spell: Dazzling Spray
   270 | D        | Killed a white draconian scorcher
   299 | D        | Gained mutation: You evolve. [potion of mutation]
   299 | D        | Gained mutation: You are partially covered in molten scales. (AC +2) [potion of mutation]
   300 | D        | Gained mutation: You are partially covered in thin metallic scales. (AC +2) [potion of mutation]
   300 | D        | Gained mutation: You are robust. (+10% HP) [potion of mutation]
   300 | D        | Gained mutation: You are resistant to hostile enchantments. (MR+) [potion of mutation]
   301 | D        | Killed a yaktaur
   329 | D        | Noticed a water elemental
   331 | D        | Killed a water elemental
   331 | D        | Reached skill level 5 in Spellcasting
   331 | D        | Reached skill level 5 in Hexes
   331 | D        | Reached XP level 5. HP: 28/28 MP: 12/14
   350 | D        | Noticed a shadow
   352 | D        | Killed a shadow
   352 | D        | Reached skill level 5 in Short Blades
   352 | D        | Reached skill level 1 in Conjurations
   352 | D        | Reached XP level 6. HP: 35/35 MP: 14/16
   368 | D        | Found a blossoming altar of Fedhas.
   368 | D        | Found a stormy altar of Qazlal.
   369 | D        | Found a snail-covered altar of Cheibriados.
   369 | D        | Found a burning altar of Makhleb.
   369 | D        | Found a hazy altar of Hepliaklqana.
   369 | D        | Found a shimmering altar of Xom.
   369 | D        | Found an opulent altar of Gozag.
   369 | D        | Found a sparkling altar of Nemelex Xobeh.
   369 | D        | Found a corrupted altar of Lugonu.
   369 | D        | Found a viscous altar of Jiyva.
   369 | D        | Noticed a spatial vortex
   396 | D        | Found a radiant altar of Vehumet.
   397 | D        | Found a deep blue altar of Sif Muna.
   397 | D        | Found an ancient bone altar of Kikubaaqudgha.
   401 | D        | Killed a yaktaur
   417 | D        | Found a glowing silver altar of Zin.
   418 | D        | Found a glowing golden altar of the Shining One.
   418 | D        | Found a white marble altar of Elyvilon.
   418 | D        | Noticed a deep elf mage
   421 | D        | Killed a deep elf mage
   421 | D        | Reached XP level 7. HP: 38/39 MP: 15/19
   432 | D        | Found a hide-covered altar of Uskayaw.
   432 | D        | Found an iron altar of Okawaru.
   433 | D        | Found a roughly hewn altar of Beogh.
   433 | D        | Found a bloodstained altar of Trog.
   433 | D        | Noticed a human
   433 | D        | Noticed a human
   435 | D        | Killed a human
   435 | D        | Reached skill level 10 in Dodging
   444 | D        | Killed a yaktaur
   447 | D        | Killed a human
   447 | D        | Reached XP level 8. HP: 46/46 MP: 15/21
   488 | D        | Found a shadowy altar of Dithmenos.
   505 | D        | Found a basalt altar of Yredelemnul.
   505 | D        | Found a sacrificial altar of Ru.
   541 | D        | Became a worshipper of Dithmenos the Shadowed
   658 | D        | Noticed Josephine
   660 | D        | Killed Josephine
   677 | D        | Noticed a centaur warrior
   680 | D        | Killed a centaur warrior
   680 | D        | Reached * piety under Dithmenos
   680 | D        | Reached skill level 10 in Spellcasting
   680 | D        | Reached XP level 9. HP: 50/50 MP: 20/24
   752 | D        | Noticed an unseen horror
   754 | D        | Killed an unseen horror
   754 | D        | Reached ** piety under Dithmenos
   754 | D        | Reached skill level 5 in Fighting
   754 | D        | Reached skill level 5 in Ice Magic
   765 | D        | Noticed a queen bee
   775 | D        | Gained mutation: Your body sometimes deteriorates upon taking damage. [evolution]
   776 | D        | Reached *** piety under Dithmenos
   784 | D        | Reached **** piety under Dithmenos
   784 | D        | Reached skill level 10 in Short Blades
   786 | D        | Killed a queen bee
   793 | D        | Reached XP level 10. HP: 56/56 MP: 1/26
   929 | D        | Reached skill level 5 in Armour
   933 | D        | Reached ***** piety under Dithmenos
  1098 | D        | Reached ****** piety under Dithmenos
  1343 | D        | Reached skill level 15 in Stealth
  1532 | D        | Noticed a spiny frog
  1532 | D        | Noticed a spiny frog
  1537 | D        | Killed a spiny frog
  1539 | D        | Killed a spiny frog
  1561 | D        | Killed a four-headed hydra
  1585 | D        | Reached skill level 5 in Conjurations
  1608 | D        | Noticed a lindwurm
  1611 | D        | Killed a lindwurm
  1646 | D        | Noticed Urug
  1648 | D        | Killed Urug
  1648 | D        | Reached XP level 11. HP: 62/62 MP: 28/28
  1653 | D        | Noticed a six-headed hydra
  1662 | D        | Noticed a death drake
  1663 | D        | Killed a six-headed hydra
  1663 | D        | Reached skill level 15 in Dodging
  1666 | D        | Killed a death drake
  1669 | D        | Found a blossoming altar of Fedhas.
  1669 | D        | Noticed a spriggan druid
  1672 | D        | Killed a spriggan druid
  1673 | D        | Reached skill level 10 in Hexes
  1769 | D        | Noticed a kraken
  2025 | D        | Killed a kraken
  2204 | D        | Noticed an alligator snapping turtle
  2205 | D        | Found Darrones's Antique Weapon Emporium.
  2205 | D        | Found Koluosuq's Magic Scroll Shop.
  2205 | D        | Found Neilo's Gadget Boutique.
  2205 | D        | Noticed an alligator snapping turtle
  2512 | D        | Killed an alligator snapping turtle
  2529 | D        | Killed an alligator snapping turtle
  2541 | D        | Got a barnacled rune of Zot
  2810 | D        | Noticed Rupert
  2815 | D        | Killed Rupert
  2815 | D        | Reached XP level 12. HP: 69/69 MP: 26/31
  2869 | D        | Noticed a death yak
  2870 | D        | Noticed a death yak
  2871 | D        | Noticed an azure jelly
  2871 | D        | Noticed a death yak
  2871 | D        | Noticed an azure jelly
  2871 | D        | Noticed a death yak
  2872 | D        | Killed a death yak
  2890 | D        | Killed a death yak
  3015 | D        | Noticed an azure jelly
  3015 | D        | Noticed an azure jelly
  3237 | D        | Reached skill level 15 in Spellcasting
  3250 | D        | Killed a death yak
  3255 | D        | Killed a death yak
  3416 | D        | Found Dedaat's Magic Scroll Shoppe.
  3418 | D        | Found Estoh's Gadget Boutique.
  3418 | D        | Found Foalebio's Antique Armour Emporium.
  3463 | D        | Noticed an eight-headed hydra
  3463 | D        | Noticed the 27-headed Lernaean hydra
  3465 | D        | Killed the 27-headed Lernaean hydra
  3489 | D        | Killed an eight-headed hydra
  3506 | D        | Got a decaying rune of Zot
  3583 | D        | Noticed a dire elephant
  3583 | D        | Noticed a dire elephant
  3583 | D        | Noticed Gastronok
  3585 | D        | Killed Gastronok
  3585 | D        | Reached XP level 13. HP: 75/75 MP: 32/34
  3586 | D        | Killed a dire elephant
  3588 | D        | Killed a dire elephant
  3593 | D        | Reached skill level 15 in Short Blades
  3709 | D        | Found Guagrici's Antique Weapon Emporium.
  3925 | D        | Noticed a deep elf annihilator
  4222 | D        | Noticed a deep elf death mage
  4223 | D        | Noticed a deep elf annihilator
  4252 | D        | Killed a deep elf annihilator
  4622 | D        | Killed a deep elf annihilator
  4906 | D        | Noticed Sigmund
  4906 | D        | Noticed Edmund
  4911 | D        | Killed Sigmund
  4914 | D        | Killed Edmund
  5296 | D        | Found Lywof's Gadget Emporium.
  5296 | D        | Found Mol Kit's Antique Weapon Shop.
  5296 | D        | Found Waplodumn's Gadget Shoppe.
  5296 | D        | Found Fumof's Magic Scroll Boutique.
  5296 | D        | Found Feewnuji's Jewellery Emporium.
  5296 | D        | Found Noewun's Food Shop.
  5296 | D        | Found Jiot's Gadget Emporium.
  5296 | D        | Found Xirutt's Distillery.
  5297 | D        | Found Funesuog's Distillery.
  5297 | D        | Found Lets's Weapon Shoppe.
  5297 | D        | Found Ruutyju's Antique Armour Shop.
  5297 | D        | Found Quodi's Book Emporium.
  5339 | D        | Bought a book of the Earth for 715 gold pieces
  5339 | D        | Bought a book of Geomancy for 385 gold pieces
  5345 | D        | Bought a +6 ring of intelligence for 585 gold pieces
  5345 | D        | Bought a +6 amulet of reflection for 250 gold pieces
  5345 | D        | Bought a +5 ring of intelligence for 412 gold pieces
  5345 | D        | Bought a +4 ring of evasion for 360 gold pieces
  5352 | D        | Learned a level 3 spell: Stone Arrow
  5355 | D        | Learned a level 2 spell: Passwall
  5361 | D        | Learned a level 5 spell: Lee's Rapid Deconstruction
  5368 | D        | Learned a level 6 spell: Iron Shot
  5378 | D        | Learned a level 9 spell: Shatter
  5402 | D        | Reached skill level 1 in Earth Magic
  5587 | D        | Noticed a fire dragon
  5588 | D        | Killed a fire dragon
  5620 | D        | Reached XP level 14. HP: 82/82 MP: 36/36
  5673 | D        | Noticed an entropy weaver
  5674 | D        | an entropy weaver changed into a five-headed hydra
  5925 | D        | Noticed Chuck
  5944 | D        | Killed Chuck
  6050 | D        | Noticed Frederick
  6059 | D        | Killed Frederick
  6059 | D        | Reached skill level 5 in Earth Magic
  6093 | D        | Noticed a lich
  6095 | D        | Killed a lich
  6095 | D        | Reached skill level 10 in Fighting
  6123 | D        | Noticed a shadow dragon
  6126 | D        | Noticed a shadow dragon
  6148 | D        | Killed a shadow dragon
  6363 | D        | Killed a shadow dragon
  6402 | D        | Lost mutation: You are robust. (+10% HP) [evolution]
  7046 | D        | Noticed a shadow dragon
  7047 | D        | Noticed a frost giant
  7049 | D        | Killed a shadow dragon
  7219 | D        | Killed a frost giant
  7529 | D        | Reached XP level 15. HP: 66/81 MP: 26/39
  7610 | D        | Noticed a golden dragon
  7670 | D        | Noticed a frost giant
  7672 | D        | Noticed a golden dragon
  7673 | D        | Killed a golden dragon
  7673 | D        | Reached skill level 10 in Armour
  7867 | D        | Noticed a frost giant
  7867 | D        | Killed a golden dragon
  7869 | D        | Reached skill level 15 in Hexes
  7916 | D        | Killed a frost giant
  8078 | D        | Noticed a titan
  8086 | D        | Killed a titan
  8313 | D        | Noticed a shadow dragon
  8324 | D        | Reached skill level 10 in Conjurations
  8391 | D        | Killed a frost giant
  8391 | D        | Reached skill level 10 in Earth Magic
  8429 | D        | Killed a shadow dragon
  8645 | D        | Got a warped lead ring
  8647 | D        | Identified the ring of Tuforuq {rC++ AC+4 Str+3 Dex-5 Slay-5} (You took it off a vault guard in the Dungeon)
  8655 | D        | Got a silver rune of Zot
  8703 | D        | Learned a level 2 spell: Repel Missiles
  8709 | D        | Learned a level 5 spell: Lightning Bolt
  8713 | D        | Learned a level 1 spell: Apportation
  8857 | D        | Reached skill level 1 in Air Magic
  8913 | D        | Noticed an ancient lich
  8999 | D        | Noticed a sphinx
  8999 | D        | Noticed a sphinx
  9177 | D        | Killed a sphinx
  9178 | D        | Killed a sphinx
 10679 | D        | Noticed a greater mummy
 10679 | D        | Noticed a greater mummy
 11010 | D        | Killed a greater mummy
 11010 | D        | Reached XP level 16. HP: 74/74 MP: 37/42
 11011 | D        | Killed a greater mummy
 11332 | D        | Identified Citupredy's Grimoire of Warped Poison
 11341 | D        | Got a golden rune of Zot
 11344 | D        | Got an ichor-stained short sword
 11371 | D        | Learned a level 4 spell: Passage of Golubria
 11378 | D        | Learned a level 6 spell: Poisonous Cloud
 11600 | D        | Identified the +9 short sword "Jiymis" {venom, rC+ rN+ Dex+2} (You found it in the Dungeon)
 11740 | D        | Reached skill level 27 in Stealth
 11740 | D        | Reached skill level 1 in Shields
 12041 | D        | Noticed Azrael
 12043 | D        | Killed Azrael
 12043 | D        | Reached skill level 5 in Air Magic
 12119 | D        | Reached skill level 1 in Evocations
 12334 | D        | Noticed a deep elf master archer
 12342 | D        | Killed a deep elf master archer
 12345 | D        | Got a smoking halberd {holy}
 12371 | D        | Identified Lyuwo's Handbook of the Traveller
 12595 | D        | Got a pitted sapphire amulet
 12639 | D        | Identified the amulet "Yculoq" {Dismiss rElec Str+4} (You found it in the Dungeon)
 13009 | D        | Got an ancient steel amulet
 13028 | D        | Identified the amulet "Xohiol" {Gourm rElec} (You found it in the Dungeon)
 13303 | D        | Noticed Boris
 13307 | D        | Killed Boris
 13497 | D        | Bought a scroll of fear for 45 gold pieces
 13497 | D        | Bought a scroll of blinking for 97 gold pieces
 13497 | D        | Bought a scroll of enchant armour for 97 gold pieces
 13713 | D        | Found Qubivy's Distillery.
 13713 | D        | Found Ekiuporch's Food Shop.
 13713 | D        | Found Tuoschaff's Distillery.
 13713 | D        | Found Pithreoly's Food Shoppe.
 13716 | D        | Reached skill level 5 in Evocations
 13721 | D        | Bought a potion of curing for 42 gold pieces
 13721 | D        | Bought a potion of mutation for 35 gold pieces
 13721 | D        | Bought a potion of curing for 42 gold pieces
 13721 | D        | Bought a potion of mutation for 35 gold pieces
 13721 | D        | Gained mutation: You are frail. (-10% HP) [potion of mutation]
 13721 | D        | Gained mutation: Your flesh is cold resistant. (rC+) [potion of mutation]
 13721 | D        | Gained mutation: You occasionally shout uncontrollably at your foes. [potion of mutation]
 13722 | D        | Lost mutation: You evolve. [potion of mutation]
 13722 | D        | Lost mutation: You occasionally shout uncontrollably at your foes. [potion of mutation]
 13724 | D        | Bought a potion of heal wounds for 70 gold pieces
 13724 | D        | Bought a potion of magic for 112 gold pieces
 13724 | D        | Bought a potion of magic for 112 gold pieces
 13724 | D        | Bought a potion of curing for 42 gold pieces
 13738 | D        | Found Deni's Food Boutique.
 13751 | D        | Noticed Roxanne
 13755 | D        | Killed Roxanne
 13926 | D        | Reached skill level 5 in Shields
 14187 | D        | Noticed Mara
 14191 | D        | Killed Mara
 14232 | D        | Noticed an ancient champion
 14233 | D        | Killed an ancient champion
 14251 | D        | Learned a level 6 spell: Freezing Cloud
 14359 | D        | Noticed Nikola
 14359 | D        | Noticed a storm dragon
 14361 | D        | Killed a storm dragon
 14363 | D        | Killed Nikola
 14363 | D        | Reached XP level 17. HP: 66/66 MP: 40/45
 14460 | D        | Noticed Mennas
 14462 | D        | Killed Mennas
 14629 | D        | Reached skill level 27 in Dodging
 15112 | D        | Found a viscous altar of Jiyva.
 15112 | D        | Noticed the Royal Jelly
 15112 | D        | Gained mutation: Your magical capacity is low. (-10% MP) [a shining eye]
 15113 | D        | Gained mutation: Your magical capacity is very low. (-20% MP) [a shining eye]
 15125 | D        | Reached skill level 15 in Earth Magic
 15300 | D        | Noticed an acid blob
 15302 | D        | Noticed an acid blob
 15302 | D        | Noticed an acid blob
 15304 | D        | Noticed an acid blob
 15440 | D        | Killed an acid blob
 15540 | D        | Killed an acid blob
 15741 | D        | Killed an acid blob
 15894 | D        | Noticed an acid blob
 16051 | D        | Killed an acid blob
 16201 | D        | Noticed an acid blob
 16221 | D        | Noticed an acid blob
 16224 | D        | Noticed an acid blob
 16226 | D        | Noticed an acid blob
 16395 | D        | Killed a deep elf blademaster
 16428 | D        | Killed an acid blob
 16463 | D        | Killed Nessos
 16464 | D        | Killed a deep elf blademaster
 16537 | D        | Killed an acid blob
 16540 | D        | Killed an acid blob
 16573 | D        | Killed a deep elf blademaster
 16576 | D        | Killed an acid blob
 16590 | D        | Killed a deep elf blademaster
 16625 | D        | Killed an acid blob
 16637 | D        | Killed an acid blob
 16655 | D        | Killed an acid blob
 16679 | D        | Killed an acid blob
 16690 | D        | Killed an acid blob
 16712 | D        | Killed an acid blob
 16712 | D        | Killed a deep elf blademaster
 16751 | D        | Killed an acid blob
 16835 | D        | Killed a deep elf blademaster
 16836 | D        | Killed an acid blob
 16859 | D        | Killed an acid blob
 16902 | D        | Killed an acid blob
 17033 | D        | Killed an acid blob
 17035 | D        | Killed the Royal Jelly
 17041 | D        | Killed an acid blob
 17044 | D        | Killed an acid blob
 17051 | D        | Killed an acid blob
 17114 | D        | Killed an acid blob
 17151 | D        | Killed an acid blob
 17164 | D        | Got a slimy rune of Zot
 17291 | D        | Killed an acid blob
 17504 | D        | Noticed an acid blob
 17509 | D        | Killed an acid blob
 17910 | D        | HP: 2/85 [Executioner (24)]
 17914 | D        | Slain by an Executioner

Vault maps used:
D:        dungeon_sprint_mu

Skill      XL: |  1  2  3  4  5  6  7  8  9 10 11 12 13 14 15 16 17 |
---------------+----------------------------------------------------+-----
Short Blades   | 2 3 4 5 7 9 10 11 13 14 16 18 20 21 22 | 22.3
Stealth        | 5 6 7 9 11 13 14 16 18 20 22 24 26 27 | 27.0
Spellcasting   | 3 4 5 6 8 10 11 12 14 16 17 19 21 23 24 | 24.0
Fighting       | 1 2 3 4 5 6 7 8 9 10 11 12 13 | 13.2
Armour         | 1 2 3 4 5 6 7 8 9 11 12 | 12.4
Dodging        | 4 5 6 7 9 10 12 13 14 16 18 20 22 24 26 27 | 27.0
Hexes          | 4 5 6 8 9 11 12 13 14 16 17 18 | 18.2
Ice Magic      | 1 2 3 4 5 6 7 8 9 |  9.2
Conjurations   | 1 2 3 4 5 6 7 8 9 10 11 12 | 12.1
Invocations    | 3 |  3.1
Earth Magic    | 2 8 11 14 15 | 15.0
Air Magic      | 4 7 8 |  8.5
Shields        | 6 8 |  8.3
Evocations     | 7 9 |  9.7

Action                   |  1- 3 |  4- 6 |  7- 9 | 10-12 | 13-15 | 16-18 || total
-------------------------+-------+-------+-------+-------+-------+-------++-------
Melee: Dagger            |     7 |     7 |    70 |   154 |   180 |       ||   418
       Short sword       |       |       |       |       |     8 |       ||     8
       Rapier            |       |       |       |       |    87 |       ||    87
       Knife             |       |       |       |       |    25 |   207 ||   232
 Cast: Ensorcelled Hiber |     2 |     1 |    20 |    74 |    45 |     7 ||   149
       Confuse           |       |       |     2 |     1 |     3 |       ||     6
       Dazzling Spray    |       |       |     6 |    43 |    88 |     5 ||   142
       Tukima's Dance    |       |       |       |       |    11 |       ||    11
       Iron Shot         |       |       |       |       |    85 |    84 ||   169
       Stone Arrow       |       |       |       |       |    17 |    37 ||    54
       Lee's Rapid Decon |       |       |       |       |     8 |    69 ||    77
       Repel Missiles    |       |       |       |       |     1 |       ||     1
       Corona            |       |       |       |       |     1 |       ||     1
       Passwall          |       |       |       |       |       |     4 ||     4
       Passage of Golubr |       |       |       |       |       |     3 ||     3
       Freezing Cloud    |       |       |       |       |       |     1 ||     1
Invok: Shadow Step       |       |       |       |    13 |    13 |     6 ||    32
 Abil: Evoke Flight      |       |       |       |       |     1 |    10 ||    11
Evoke: Wand              |       |       |       |       |       |    12 ||    12
       Box of beasts     |       |       |       |       |       |     2 ||     2
       Fan of gales      |       |       |       |       |       |     1 ||     1
  Use: Scroll            |       |     4 |       |       |     6 |    21 ||    31
       Potion            |       |     2 |       |       |     2 |     7 ||    11
 Stab: Sleeping          |     7 |     6 |    18 |    63 |    71 |    35 ||   200
       Confused          |       |       |     2 |       |     2 |       ||     4
       Invisible         |       |       |       |     5 |     6 |       ||    11
       Distracted        |       |       |       |       |     3 |       ||     3
  Eat: Fruit             |       |       |       |     1 |     9 |       ||    10
       Bread ration      |       |       |       |       |       |     2 ||     2
       Pizza             |       |       |       |       |       |     1 ||     1
Armor: Robe              |       |       |     6 |     6 |    12 |    29 ||    53
Dodge: Dodged            |     1 |       |    42 |    90 |   201 |   222 ||   556
       Deflected         |       |       |       |       |       |     1 ||     1
Block: Other             |       |       |       |       |    16 |       ||    16
       Reflection        |       |       |       |       |     2 |     3 ||     5
       Buckler           |       |       |       |       |       |    79 ||    79
